 Dungeon Crawl Stone Soup version 0.14-a0-155-gd989017 (webtiles) character file.

131 Malachi the Ruffian (level 3, -2/30 HPs)
             Began as a Centaur Monk on Oct 4, 2013.
             Was a Believer of Okawaru.
             Slain by an orc
             ... wielding a +0,+3 orcish morningstar
              (7 damage)
             ... on Level 3 of the Dungeon.
             The game lasted 00:02:58 (1712 turns).

Malachi the Ruffian (Centaur Monk)                  Turns: 1712, Time: 00:02:59

HP  -2/30        AC 10     Str 13      XL: 3   Next: 69%
MP   2/2         EV  0     Int  9      God: Okawaru [**....]
Gold 75          SH  0     Dex 12      Spells:  0 memorised,  2 levels left

Res.Fire  : . . .   See Invis. : .     - Unarmed
Res.Cold  : . . .   Warding    : .   h - +2 plate armour
Life Prot.: . . .   Conserve   : .   (no shield)
Res.Poison: .       Res.Corr.  : .   (no helmet)
Res.Elec. : .       Clarity    : .   (no cloak)
Sust.Abil.: . .     Spirit.Shd : .   (no gloves)
Res.Mut.  : .       Stasis     : .   (no barding)
Res.Rott. : .       Flight     : .   (no amulet)
Saprovore : . . .                    (no ring)
                                     (no ring)

@: mildly poisoned, very quick, not resistant to hostile enchantments, extremely
unstealthy
A: hooves 3, deformed body, herbivore 1, speed 2, fast metabolism 1, tough skin
3
a: Heroism, Renounce Religion


You were on level 3 of the Dungeon.
You worshipped Okawaru.
Okawaru was pleased with you.
You were near starving.

You visited 1 branch of the dungeon, and saw 3 of its levels.

You collected 75 gold pieces.

Inventory:

Armour
 e - a +0 leather armour
 h - a +2 plate armour (worn)
Comestibles
 b - 4 bread rations
Scrolls
 a - a scroll of teleportation {unknown}
 c - 2 scrolls of identify {unknown}
 g - a scroll of random uselessness {unknown}
Potions
 d - 2 potions of restore abilities {unknown}
 k - a potion of agility {unknown}
 l - a potion of speed {unknown}
 m - 2 potions of cure mutation {unknown}


   Skills:
 + Level 3.2 Fighting
 + Level 1.0 Armour
 + Level 2.3 Dodging
 + Level 1.2 Stealth
 + Level 4.8 Unarmed Combat


You had 2 spell levels left.
You didn't know any spells.

Dungeon Overview and Level Annotations

Branches:
Dungeon (3/27)

Altars:
Elyvilon
Okawaru


Innate Abilities, Weirdness & Mutations

You have hooves in place of feet.
Armour fits poorly on your strangely shaped body.
You digest meat inefficiently.
You cover ground very quickly.
You have a fast metabolism.
You have extremely tough skin (AC +3).


Message History

The adder is moderately wounded.
The adder bites you. The adder bites you but does no damage.
The orc hits you but does no damage. The adder bites you but does no damage.
You hit the adder but do no damage.
The adder is moderately wounded.
The adder bites you but does no damage. The orc hits you but does no damage.
The adder bites you.
* * * LOW HITPOINT WARNING * * *
You are poisoned.
The adder poisons you! The orc hits you but does no damage.
Things that are here:
a club; a hobgoblin corpse You hit the orc.
You kick the orc.
The orc is almost dead.
The adder bites you.
* * * LOW HITPOINT WARNING * * *
The orc hits you but does no damage. The adder bites you but does no damage.
The orc hits you with an orcish morningstar!
You die...

## ##+# ##≈#...
§.≈ ≈≈≈ ...# .
#..##.##....
##.##.........#
...............###
#...........#.
#.....o........
#....S@...#.#
#.......###
#..........
....##########
####


You could see an adder and an orc.

Vanquished Creatures
  An adder (D:2)
  A giant mite (D:2)
  A worm (D:2)
  An ooze (D:2)
  3 bats
  2 giant cockroaches (D:1)
  4 goblins (D:1)
  2 hobgoblins
  2 jackals (D:1)
  A giant gecko (D:1)
  3 giant newts
  3 kobolds (D:1)
  7 rats
31 creatures vanquished.

Notes
Turn   | Place    | Note
--------------------------------------------------------------
     0 | D:1      | Malachi, the Centaur Monk, began the quest for the Orb.
     0 | D:1      | Reached XP level 1. HP: 17/17 MP: 0/0
   150 | D:1      | Reached XP level 2. HP: 24/24 MP: 1/1
   918 | D:2      | Reached XP level 3. HP: 25/30 MP: 2/2
  1212 | D:2      | Found a white marble altar of Elyvilon.
  1218 | D:2      | Found an iron altar of Okawaru.
  1240 | D:2      | Became a worshipper of Warmaster Okawaru
  1240 | D:2      | Acquired Okawaru's first power
  1707 | D:3      | Reached skill level 1 in Armour
  1712 | D:3      | Slain by an orc

Action                   || total
-------------------------++-------
Melee: Unarmed           ||   102
